 Dungeon Crawl Stone Soup version 0.30-a0-553-g7fabdf1491 (webtiles) character file.

Game seed: 4043688790231026031

53 Jase the Sneak (level 3, -1/23 (24) HPs)
             Began as an Octopode Brigand on Dec 26, 2022.
             Slain by Crazy Yiuf
             ... wielding a +3 quarterstaff of chaos
              (14 damage)
             ... on level 2 of the Dungeon.
             The game lasted 00:04:30 (1645 turns).

Jase the Sneak (Octopode Brigand)                   Turns: 1645, Time: 00:04:31

HP:   -1/23 (24)    AC:  1    Str: 10    XL:     3   Next: 87%
MP:   3/3           EV: 13    Int: 13    God:
Gold: 58            SH:  0    Dex: 15    Spells: 2/2 levels left

rFire   . . .      SeeInvis .    a - +2 dagger
rCold   . . .      Faith    .    (no shield)
rNeg    . . .      Spirit   .    (helmet restricted)
rPois   .          Reflect  .    (no amulet)
rElec   .          Harm     .    (no ring)
rCorr   .          Rampage  .    (no ring)
Will    .....                    (no ring)
Stlth   ++++                     (no ring)
HPRegen 0.23/turn                (no ring)
MPRegen 0.08/turn                (no ring)
                                 (no ring)
                                 (no ring)

@: lightly drained
A: almost no armour, amphibious, 8 rings, camouflage 1, gelatinous body 1,
(nimble swimmer 1), tentacles
a: no special abilities


You were on level 2 of the Dungeon.
You visited 1 branch of the dungeon, and saw 2 of its levels.

You collected 58 gold pieces.

Inventory:

Hand Weapons
 a - a +2 dagger (weapon)
Missiles
 b - 15 poisoned darts (quivered)
 c - 3 curare-tipped darts
 j - a throwing net
Scrolls
 g - a scroll of immolation {unknown}
 k - a scroll of blinking {unknown}
 l - 2 scrolls of fog {unknown}
Potions
 d - 2 potions of curing
 e - a potion of heal wounds
 f - a potion of might {unknown}
 h - a potion of berserk rage {unknown}
 i - a potion of flight {unknown}


   Skills:
 - Level 2.0 Fighting
 + Level 2.8 Short Blades
 - Level 2.0 Throwing
 + Level 2.1 Dodging
 + Level 6.1 Stealth


You had 2 spell levels left.
You didn't know any spells.
Your spell library contained the following spells:

 Spells                   Type           Power      Damage    Failure   Level
 Ensorcelled Hibernation  Hex/Ice        0%         N/A       43%         2
 Passwall                 Tmut/Erth      0%         N/A       43%         2
 Swiftness                Air            0%         N/A       67%         3


Dungeon Overview and Level Annotations

Branches:
Dungeon (2/15)

Altars:

Annotations:
D:1 exclusion: downstairs
D:2 Crazy Yiuf, Sigmund


Innate Abilities, Weirdness & Mutations

You cannot wear most types of armour.
You are amphibious.
You can wear up to eight rings at the same time.
Your skin changes colour to match your surroundings (Stealth+).
Your rubbery body absorbs attacks. (AC +1, EV +1)
((You are camouflaged when in or above water. (Stealth+)))
You have tentacles for arms and can constrict up to eight enemies at once.


Message History

Things that are here:
a +0 short sword; a kobold corpse
m - a +0 short sword You drop a +0 short sword.
A rat is nearby!
You hit the rat.
You kill the rat!
No target in view!
l - 2 scrolls labelled CAHAH XODGHUZUKH (gained 1)
You now have 48 gold pieces (gained 8).
You open the door.
There is an open door here.
You see here 3 stones.
The helpless adder fails to defend itself.
You impale the adder!!
You kill the adder!
You see here an adder corpse.
The ball python hisses angrily.
The ball python closely misses you. The ball python grabs you.
The ball python constricts you.
You hit the ball python.
You kill the ball python!
You see here a ball python corpse.
You see here a +0 hand axe.
You now have 58 gold pieces (gained 10).
You see here a +0 hand axe.
You open the door.
There is an open translucent door here.
Crazy Yiuf shouts!
Crazy Yiuf hits you with a +3 quarterstaff of chaos!
You feel drained.
You hit Crazy Yiuf but do no damage. You grab Crazy Yiuf.
You constrict Crazy Yiuf, but do no damage.
Crazy Yiuf completely misses you.
You hit Crazy Yiuf.
Crazy Yiuf is lightly wounded.
You constrict Crazy Yiuf, but do no damage.
Crazy Yiuf hits you with a +3 quarterstaff of chaos!
Ouch! That really hurt!
You die...

...........# ##...#
#.......# ..####.....#
##.## #####.####
..#..#.....# ##.#
#........# ..#..#.....#
#.## #####†##.#
..#..##'#### ##.#
#.##.# ..#..##....#
#.## #.##.#
..#..####### ##'##
#.##.# #.#..# #...#
#.##.# ..#..#######
#.@.# #####.##.#
#..........# #)g.#
#........# .........#.#
##### #####.##.#
#.#..###...# #.##.#
.....# #...# ### #.####
....## #.#.# #.# #.#
#.### #.#.# #.# #.# ..#
#.#.######.# #.# ###
###.#........########.#


You could see Crazy Yiuf.

Vanquished Creatures
  3 adders (D:2)
  6 ball pythons (D:2)
  2 bats (D:1)
  2 endoplasms (D:2)
  2 goblins (D:1)
  3 hobgoblins
  A quokka (D:2)
  A frilled lizard (D:2)
  4 kobolds
  2 rats (D:2)
26 creatures vanquished.

Notes
Turn   | Place    | Note
-------+----------+-------------------------------------------
     0 | D:1      | Jase the Octopode Brigand began the quest for the Orb.
     0 | D:1      | Reached XP level 1. HP: 14/14 MP: 1/1
   427 | D:1      | Reached XP level 2. HP: 19/19 MP: 2/2
   489 | D:1      | You fall into a shaft and drop 1 floor!
   493 | D:2      | Noticed Sigmund
   502 | D:2      | Found a runed translucent door.
   503 | D:2      | Noticed Crazy Yiuf
   745 | D:2      | Reached XP level 3. HP: 24/24 MP: 3/3
  1266 | D:2      | Reached skill level 6 in Stealth
  1645 | D:2      | Slain by Crazy Yiuf

Illustrated notes

Levels and vault maps discovered:
D:1:      roderic_octagonal_star, layout_loops_cross
D:2:      layout_basic, uniq_sigmund, uniq_crazy_yiuf_cottage

Skill      XL: |  1  2  3 |
---------------+----------+-----
Dodging        | 2 |  2.1
Stealth        | 6 |  6.1
Fighting       | |  2.0
Short Blades   | |  2.8
Throwing       | |  2.0

Action                   || total
-------------------------++-------
Melee: Dagger            ||    40
       Constrict         ||     6
       Tentacles         ||     4
  Use: Scroll            ||     2
 Stab: Sleeping          ||    12
Dodge: Dodged            ||    14

Table legend: (Time is in decaauts)
 A = Elapsed time spent in this place.
 B = Non-inter-level travel time spent in this place.
 C = Inter-level travel time spent in this place.
 D = Time resting spent in this place.
 E = Time spent auto-exploring this place.
 F = Levels seen in this place.
 G = Mean time per level.
                   A        B        C        D        E       F      G
               +--------+--------+--------+--------+--------+-----+--------+
         Total |   1641 |   1575 |     66 |     79 |   1059 |   2 |  820.5 |
       Dungeon |   1641 |   1575 |     66 |     79 |   1059 |   2 |  820.5 |
               +--------+--------+--------+--------+--------+-----+--------+

Top non-repeatable levels by time:
     D:2: 943 daAuts
     D:1: 697 daAuts
